 Dungeon Crawl Stone Soup version 0.25-a0-663-gace7076f2c (webtiles) character file.

Game seed: 5613007615206567775, levelgen mode: deterministic

46664 kae the Martial Artist (level 14, -5/106 HPs)
             Began as a Demonspawn Transmuter on Mar 24, 2020.
             Was the Champion of Wu Jian.
             Slain by a dire elephant (7 damage)
             ... on level 6 of the Lair of Beasts.
             The game lasted 00:37:11 (25671 turns).

kae the Martial Artist (Demonspawn Transmuter)     Turns: 25671, Time: 00:37:12

Health: -5/106     AC: 17    Str: 13    XL:     14   Next: 5%
Magic:  0/28       EV: 18    Int: 18    God:    Wu Jian [******]
Gold:   1102       SH:  0    Dex: 20    Spells: 9/33 levels left

rFire    . . .     SeeInvis +     - Unarmed
rCold    . . .     Gourm    .   (shield currently unavailable)
rNeg     . . .     Faith    .   u - +5 steam dragon scales
rPois    +         Spirit   +   z - +1 helmet
rElec    .         Reflect  .   B - +1 cloak
rCorr    .         Harm     .   (gloves currently unavailable)
MR       +....                  (no boots)
Stlth    ++........             (no amulet)
HPRegen  0.27/turn              v - ring of poison resistance
MPRegen  0.42/turn              f - ring of the Griffon {Str+2 Dex+5 SInv}

@: blade hands, studying Ice Magic
A: talons 1, icy blue scales 2, demonic guardian 1, magic shield, magic
regeneration, magic link
a: End Transformation, Wall Jump, Serpent's Lash, Heavenly Storm, Renounce
Religion


You were on level 6 of the Lair of Beasts.
You worshipped Wu Jian.
Wu Jian was exalted by your worship.
You were hungry.
You had blades for hands.
You visited 2 branches of the dungeon, and saw 17 of its levels.
You also visited: Ice Cave.

You collected 1102 gold pieces.

Inventory:

Missiles
 a - 422 arrows
Armour
 o - a +0 pair of gloves of archery (melded)
 u - +5 steam dragon scales (worn)
 z - a +1 helmet (worn)
 B - a +1 cloak (worn)
Jewellery
 f - the ring of the Griffon (right scythe-like blade) {Str+2 Dex+5 SInv}
   (You acquired it on level 5 of the Dungeon)

   [ring of dexterity]

   It affects your strength (+2).
   It affects your dexterity (+5).
   It lets you see invisible.
 t - an uncursed ring of resist corrosion
 v - a ring of poison resistance (left scythe-like blade)
 F - an uncursed ring of ice
Wands
 m - a wand of disintegration (11)
 p - a wand of iceblast (31)
 y - a wand of flame (21)
 D - a wand of acid (26)
 H - a wand of digging (2)
 M - a wand of paralysis (6)
 O - a wand of clouds (7)
Scrolls
 b - a scroll of fear
 c - 7 scrolls of teleportation
 g - 7 scrolls of remove curse
 j - 4 scrolls of enchant weapon
 k - a scroll of torment
 l - 5 scrolls of amnesia
 q - a scroll of blinking
 G - a scroll of fog
 P - 3 scrolls of identify
Potions
 e - a potion of flight
 h - 6 potions of heal wounds
 i - 7 potions of curing
 n - 5 potions of haste
 r - a potion of invisibility
 s - 3 potions of ambrosia
 w - 2 potions of might
 x - a potion of berserk rage
 A - a potion of magic
 C - a potion of cancellation
 E - 2 potions of brilliance
 I - a potion of mutation
 J - 3 potions of lignification
 N - a potion of stabbing
Books
 K - a manual of Ice Magic
 L - a manual of Ice Magic
Comestibles
 d - 29 rations
 Q - 11 chunks of flesh


   Skills:
 + Level 8.3 Fighting
 + Level 7.8 Dodging
 * Level 14.1 Unarmed Combat
 + Level 10.3 Spellcasting
 + Level 10.3 Transmutations


You had 9 spell levels left.
You knew the following spells:

 Your Spells              Type           Power        Failure   Level  Hunger
a - Beastly Appendage     Tmut           #####.       7%          1    None
b - Sticks to Snakes      Tmut           #####...     8%          2    None
c - Spider Form           Tmut/Pois      ####......   24%         3    None
d - Blade Hands           Tmut           #####.....   26%         5    #####..
e - Ice Form              Ice/Tmut       ####....     43%         4    ###....
f - Petrify               Tmut/Erth      ####....     43%         4    ###....
g - Yara's Violent Unrav  Hex/Tmut       ####......   69%         5    #####..

Your spell library contained the following spells:

 Spells                   Type           Power        Failure   Level  Hunger
 Animate Skeleton         Necr           N/A          41%         1    None
 Corona                   Hex            #......      41%         1    None
 Pain                     Necr           #...         41%         1    None
 Ensorcelled Hibernation  Hex/Ice        #.....       50%         2    None
 Slow                     Hex            #.......     50%         2    None
 Confusing Touch          Hex            #.......     65%         3    None
 Dazzling Flash           Conj/Hex       #.....       65%         3    None
 Gell's Gravitas          Tloc           #.........   65%         3    None
 Inner Flame              Hex/Fire       #.......     65%         3    None
 Portal Projectile        Hex/Tloc       #.....       65%         3    None
 Tukima's Dance           Hex            #.......     65%         3    None
 Vampiric Draining        Necr           #.........   65%         3    None
 Animate Dead             Necr           N/A          91%         4    ###....
 Cause Fear               Hex            #.........   91%         4    ###....
 Leda's Liquefaction      Hex/Erth       #.........   91%         4    ###....
 Agony                    Necr           #.......     99%         5    #####..
 Metabolic Englaciation   Hex/Ice        #.........   99%         5    #####..


Dungeon Overview and Level Annotations

Branches:
Dungeon (11/15)            Temple (0/1) D:7            Lair (6/6) D:10
  Swamp (0/4) Lair:3       Spider (0/4) Lair:3        Slime (0/5) Lair:6
    Orc (0/2) D:11          IceCv (visited)

Altars:
Ashenzari
Cheibriados
Dithmenos
Gozag
Makhleb
Nemelex Xobeh
Qazlal
Sif Muna
Uskayaw
Vehumet
Wu Jian
Xom
Zin
Jiyva

Annotations:
D:9 exclusion: two-headed ogre


Innate Abilities, Weirdness & Mutations

You have sharp toenails.
You are mostly covered in icy blue scales. (AC +3)
A weak demonic guardian rushes to your aid.
When hurt, damage is shared between your health and your magic reserves.
You regenerate magic rapidly.
When low on magic, you restore magic in place of health.


Message History

The dire elephant is lightly wounded.
The dire elephant tramples you.
You stumble backwards!
Your quasit bites the dire elephant but does no damage.
Your quasit claws the dire elephant but does no damage. x2
You hit the dire elephant but do no damage.
You slash the dire elephant, but do no damage.
The dire elephant is lightly wounded.
The dire elephant tramples you!!
* * * LOW HITPOINT WARNING * * *
You hold your ground!
The dire elephant trunk-slaps you!
* * * LOW HITPOINT WARNING * * *
Your quasit bites the dire elephant but does no damage.
Your quasit claws the dire elephant but does no damage. x2
You hit the dire elephant but do no damage.
You claw the dire elephant, but do no damage.
The dire elephant is lightly wounded.
The dire elephant tramples you!!
* * * LOW HITPOINT WARNING * * *
You hold your ground!
The dire elephant trunk-slaps you!
You die...

####### ####...#.# #........##
♣.........### ♣8♣.#.#......#
♣[♣♣####'##''######### #### ###
♣♣ #8.8#....8##.≈≈##...$###..
#...#..÷5@Y..≈≈≈'...?)#...
#.#.####.8#5≈≈≈≈'...?=#...
######'#....####P≈≈≈≈#...$##...
#P^...P####....#≈≈≈≈P#######...
#......# ####.###≈.###8.8###.. #
#..P...##♣♣♣##..P#####8.⌠.8####
##########♣....###...............
.##♣###♣♣.......♣########'''#####
................................#


You could see a dire elephant, a friendly iron imp and a friendly quasit.

Vanquished Creatures
  2 dire elephants (Lair:6)
  5 hydras
  An anaconda (Lair:6)
  A two-headed ogre (D:11)
  6 death yaks (Lair:6)
  Pikel (D:8)
  A necromancer (IceCv)
  A manticore (D:9)
  2 ugly things (D:11)
  A black mamba (Lair:4)
  4 elephants (Lair:6)
  Maurice (D:10)
  An ice statue (IceCv)
  6 komodo dragons
  6 spiny frogs
  3 rime drakes
  10 freezing wraiths (IceCv)
  A kobold demonologist (D:11)
  An efreet (D:10)
  2 trolls
  3 meliai (Lair:5)
  A queen bee (Lair:5)
  15 blink frogs
  3 bog bodies (Lair:3)
  6 hippogriffs
  A wyvern (Lair:4)
  26 yaks
  4 basilisks
  A hungry ghost (D:6)
  22 water moccasins
  8 porcupines
  6 orc warriors
  4 phantoms
  9 ice beasts
  2 black bears
  A necrophage (D:7)
  2 sky beasts
  An alligator simulacrum (IceCv)
  6 wolves
  5 centaurs
  9 crocodiles
  6 ogres
  3 big kobolds
  10 bullfrogs
  37 killer bees
  4 scorpions
  6 wights
  An electric eel (Lair:3)
  4 crimson imps
  4 hounds
  3 jellies
  4 draconian simulacra (IceCv)
  6 orc priests
  2 bullfrog skeletons
  9 orc wizards
  2 bullfrog zombies
  A centaur skeleton (D:7)
  2 iguanas
  12 worker ants
  2 polar bear simulacra (IceCv)
  A wolf simulacrum (IceCv)
  5 troll simulacra (IceCv)
  A killer bee zombie (D:6)
  6 centaur simulacra (IceCv)
  2 hound skeletons
  A worker ant zombie (D:8)
  Robin (D:4)
  3 gnolls
  15 adders
  A naga simulacrum (IceCv)
  4 ogre simulacra (IceCv)
  4 shadow imps
  12 white imps (IceCv)
  An ooze (D:6)
  A worm (D:5)
  32 orcs
  A ball python (D:3)
  4 bats
  4 giant cockroaches
  14 goblins
  8 hobgoblins
  5 jackals
  3 quokkas
  3 frilled lizards
  22 kobolds
  2 leopard gecko skeletons
  A leopard gecko zombie (D:7)
  8 rats
  A fungus (Lair:5)
  4 plants (Lair:6)
479 creatures vanquished.

Vanquished Creatures (collateral kills)
  A hydra (Lair:6)
  Sonja (Lair:3)
  Maggie (D:7)
  2 spiny frogs (Lair:5)
  A rime drake (Lair:2)
  A troll (D:11)
  4 blink frogs
  A yak (Lair:2)
  A water moccasin (D:7)
  A porcupine (Lair:2)
  An ice beast (D:5)
  A phantom (D:6)
  2 ogres
  A wolf (Lair:5)
  A bullfrog (D:6)
  4 killer bees (D:8)
  A wight (D:6)
  A gnoll (D:1)
  A worm (D:2)
  An orc (D:7)
  A jackal (D:6)
  A kobold (D:7)
30 creatures vanquished.

Vanquished Creatures (others)
  A hungry ghost (D:8)
  A hound (D:8)
  12 fungi
  12 plants
26 creatures vanquished.

Grand Total: 535 creatures vanquished

Notes
Turn   | Place    | Note
-------+----------+-------------------------------------------
     0 | D:1      | kae the Demonspawn Transmuter began the quest for the Orb.
     0 | D:1      | Reached XP level 1. HP: 15/15 MP: 3/3
   446 | D:1      | Reached skill level 3 in Unarmed Combat
   446 | D:1      | Gained mutation: When hurt, damage is shared between your
                  | health and your magic reserves. [demonic ancestry]
   446 | D:1      | Reached XP level 2. HP: 13/21 MP: 3/5
  1192 | D:2      | Learned a level 2 spell: Sticks to Snakes
  1195 | D:2      | Found a radiant altar of Vehumet.
  1483 | D:2      | Gained mutation: You regenerate magic rapidly. [demonic
                  | ancestry]
  1483 | D:2      | Reached XP level 3. HP: 19/26 MP: 0/6
  2182 | D:2      | Reached XP level 4. HP: 22/32 MP: 3/7
  2306 | D:2      | Found a glowing silver altar of Zin.
  2309 | D:2      | Found a stormy altar of Qazlal.
  2310 | D:2      | Found a shattered altar of Ashenzari.
  2310 | D:2      | Found an opulent altar of Gozag.
  2310 | D:2      | Found a shimmering altar of Xom.
  2312 | D:2      | Found a sparkling altar of Nemelex Xobeh.
  2312 | D:2      | Found an ornate altar of the Wu Jian Council.
  2313 | D:2      | Found a snail-covered altar of Cheibriados.
  2314 | D:2      | Found a burning altar of Makhleb.
  2315 | D:2      | Found a hide-covered altar of Uskayaw.
  2316 | D:2      | Found a shadowy altar of Dithmenos.
  2323 | D:2      | Became a worshipper of the Wu Jian Council
  2505 | D:3      | Learned a level 3 spell: Spider Form
  2553 | D:3      | Reached skill level 4 in Unarmed Combat
  2718 | D:3      | Found a sparkling altar of Nemelex Xobeh.
  2849 | D:3      | Reached XP level 5. HP: 37/37 MP: 6/9
  3525 | D:4      | Reached * piety under Wu Jian
  3832 | D:4      | Noticed Robin
  3839 | D:4      | Reached XP level 6. HP: 39/43 MP: 7/10
  3859 | D:4      | Killed Robin
  3990 | D:4      | Reached skill level 5 in Unarmed Combat
  4250 | D:5      | Entered Level 5 of the Dungeon
  4773 | D:5      | Gained mutation: A weak demonic guardian rushes to your
                  | aid. [demonic ancestry]
  4773 | D:5      | Reached XP level 7. HP: 25/48 MP: 4/12
  5396 | D:5      | Identified a scroll of acquirement
  5396 | D:5      | Identified the ring of the Griffon {Str+2 Dex+5 SInv} (You
                  | acquired it on level 5 of the Dungeon)
  5396 | D:5      | Identified the +0 hunting sling of the Distant Future
                  | {vorpal, rF- rN++ Str+7} (You acquired it on level 5 of the
                  | Dungeon)
  5450 | D:6      | Reached skill level 6 in Unarmed Combat
  5954 | D:6      | Reached ** piety under Wu Jian
  5954 | D:6      | Gained mutation: When low on magic, you restore magic in
                  | place of health. [demonic ancestry]
  5954 | D:6      | Reached XP level 8. HP: 45/54 MP: 11/14
  6152 | D:6      | Found a shimmering blue altar of Sif Muna.
  6265 | D:6      | Noticed a troll
  6280 | D:6      | Killed a troll
  6280 | D:6      | Reached skill level 7 in Unarmed Combat
  6280 | D:6      | Reached skill level 5 in Spellcasting
  6280 | D:6      | Reached skill level 5 in Transmutations
  6475 | D:6      | Learned a level 5 spell: Blade Hands
  6822 | D:7      | Found a staircase to the Ecumenical Temple.
  7118 | D:7      | Reached skill level 8 in Unarmed Combat
  7182 | D:7      | Noticed Maggie
  7201 | D:7      | Killed Maggie
  7201 | D:7      | Gained mutation: You are partially covered in icy blue
                  | scales. (AC +2) [demonic ancestry]
  7201 | D:7      | Reached XP level 9. HP: 39/59 MP: 11/17
  7990 | D:7      | Reached *** piety under Wu Jian
  8130 | D:7      | Reached skill level 9 in Unarmed Combat
  8618 | D:7      | Found a shadowy altar of Dithmenos.
  9336 | D:8      | Noticed Pikel
  9347 | D:8      | Killed Pikel
  9347 | D:8      | Reached XP level 10. HP: 62/65 MP: 17/20
  9576 | D:8      | Reached skill level 10 in Unarmed Combat
 10169 | D:9      | Noticed a two-headed ogre
 10524 | D:9      | Reached **** piety under Wu Jian
 10770 | D:9      | Noticed a manticore
 10967 | D:9      | Killed a manticore
 11237 | D:10     | Entered Level 10 of the Dungeon
 11275 | D:10     | Found a staircase to the Lair.
 11788 | D:10     | Noticed Maurice
 11821 | D:10     | Killed Maurice
 12580 | D:11     | Mutation became permanent: You have razor-sharp toenails.
                  | [demonic ancestry]
 12580 | D:11     | Gained mutation: You have claws for feet. [demonic
                  | ancestry]
 12580 | D:11     | Reached XP level 11. HP: 74/75 MP: 22/22
 12588 | D:11     | Noticed a white ugly thing
 12588 | D:11     | Noticed a green ugly thing
 12611 | D:11     | Killed a white ugly thing
 12614 | D:11     | Killed a white ugly thing
 12614 | D:11     | Reached skill level 11 in Unarmed Combat
 13523 | D:11     | Noticed a two-headed ogre
 13528 | D:11     | Killed a two-headed ogre
 13603 | D:11     | Found a staircase to the Orcish Mines.
 13969 | Lair:1   | Entered Level 1 of the Lair of Beasts
 13972 | Lair:1   | Reached ***** piety under Wu Jian
 13979 | Lair:1   | Noticed a five-headed hydra
 14008 | Lair:1   | Killed a seven-headed hydra
 14697 | Lair:1   | Reached skill level 5 in Fighting
 14968 | Lair:2   | Noticed a six-headed hydra
 15067 | Lair:1   | Learned a level 4 spell: Ice Form
 15094 | Lair:2   | Killed a six-headed hydra
 15094 | Lair:2   | Reached skill level 5 in Dodging
 15105 | Lair:2   | Reached skill level 12 in Unarmed Combat
 15137 | Lair:2   | Reached XP level 12. HP: 73/86 MP: 18/24
 15274 | Lair:2   | Found a frozen archway.
 15300 | IceCv    | Entered an ice cave
 16515 | IceCv    | Found an ancient bone altar of Kikubaaqudgha.
 19195 | Lair:3   | Noticed Sonja
 19197 | Lair:3   | Found a hole to the Spider Nest.
 19206 | Lair:3   | Killed Sonja
 19526 | Lair:3   | Found a staircase to the Swamp.
 19636 | Lair:3   | Noticed an eight-headed hydra
 19645 | Lair:3   | Killed an eight-headed hydra
 19645 | Lair:3   | Reached skill level 13 in Unarmed Combat
 20750 | Lair:4   | Gained mutation: You are mostly covered in icy blue scales.
                  | (AC +3) [demonic ancestry]
 20750 | Lair:4   | Reached XP level 13. HP: 87/95 MP: 22/26
 21176 | Lair:5   | You fall into a shaft and drop 1 floor!
 21176 | Lair:6   | Entered Level 6 of the Lair of Beasts
 21248 | Lair:6   | Found a viscous altar of Jiyva.
 21248 | Lair:6   | Found a staircase to the Slime Pits.
 21286 | Lair:6   | Reached ****** piety under Wu Jian
 23966 | Lair:6   | Reached skill level 10 in Spellcasting
 24069 | Lair:6   | Reached skill level 10 in Transmutations
 24964 | Lair:6   | Reached skill level 14 in Unarmed Combat
 25403 | Lair:6   | Learned a level 4 spell: Petrify
 25409 | Lair:6   | Learned a level 5 spell: Yara's Violent Unravelling
 25489 | Lair:6   | Noticed a dire elephant
 25502 | Lair:6   | Killed a dire elephant
 25502 | Lair:6   | Reached XP level 14. HP: 69/106 MP: 24/28
 25671 | Lair:6   | HP: 2/106 [dire elephant (16)]
 25671 | Lair:6   | Slain by a dire elephant

Levels and vault maps discovered:
D:1:      nagdon_arrival_double_spiral, layout_basic
D:2:      layout_rooms, minitemple, lemuel_coloured_pillars_altar
D:3:      layout_basic, first_ration, nemelex_diamond_rough_becter
D:4:      layout_basic, hangedman_decor_slide_cut, cheibrodos_gnoll_hut,
          uniq_robin
D:5:      layout_loops_corners, kennysheep_generic_room_9
D:6:      layout_rooms, marbit_many_paths, grunt_ministairs_4,
          minmay_misc_feat_chi
D:7:      layout_cave_pods, minmay_temple_entry_mini_moons,
          nicolae_dithmenos_through_a_glass_darkly, uniq_maggie
D:8:      layout_basic, uniq_pikel
D:9:      layout_grid_maze
D:10:     layout_basic, lair_entry_dummy, uniq_maurice
D:11:     layout_roguey, orc_0_dummy
Lair:1:   layout_loops_ring
Lair:2:   layout_regular_city, portal_ice_cave_rime, beast_lair_carwin_4
Lair:3:   layout_regular_city, nicolae_swamp_entry_splash_gauntlet,
          spider_nest_entry_web_field, serial_rivers,
          chequers_serial_rivers_small_3, chequers_serial_rivers_small_a,
          chequers_serial_rivers_small_a, chequers_serial_rivers_small_3,
          chequers_serial_rivers_micro_e, uniq_sonja
Lair:4:   layout_loops_ring, lemuel_fruit_tree, infiniplex_staircase_pool
Lair:5:   layout_layer_cave, special_room [special_room_bee], grunt_megastairs_3
Lair:6:   due_jungle_book, layout_loops_ring, slime_altar_1

Skill      XL: |  1  2  3  4  5  6  7  8  9 10 11 12 13 |
---------------+----------------------------------------+-----
Unarmed Combat | 3 4 5 6 8 9 10 12 13 14 | 14.1
Transmutations | 2 3 4 5 6 7 8 9 10 | 10.3
Spellcasting   | 3 4 5 6 7 8 9 10 | 10.3
Dodging        | 3 5 6 7 |  7.8
Fighting       | 3 5 6 8 |  8.3

Action                   |  1- 3 |  4- 6 |  7- 9 | 10-12 | 13-15 || total
-------------------------+-------+-------+-------+-------+-------++-------
Melee: Unarmed           |   104 |   215 |   319 |   843 |   482 ||  1963
       Headbutt          |     4 |     2 |     5 |       |       ||    11
       Kick              |     6 |     3 |     3 |   194 |   172 ||   378
       Punch             |       |       |     4 |    39 |    34 ||    77
 Cast: Beastly Appendage |    18 |     9 |     6 |    15 |       ||    48
       Sticks to Snakes  |     7 |       |       |     2 |       ||     9
       Spider Form       |       |    18 |    30 |    11 |       ||    59
       Blade Hands       |       |       |       |    34 |    11 ||    45
       Ice Form          |       |       |       |     5 |       ||     5
       Petrify           |       |       |       |       |     2 ||     2
Invok: Lunge             |       |    10 |    24 |    75 |    23 ||   132
       Whirlwind         |       |       |    13 |    62 |    35 ||   110
       Serpent's Lash    |       |       |       |     2 |     2 ||     4
 Abil: Wall Jump         |       |       |     2 |     2 |     2 ||     6
       End Transformatio |       |       |       |     2 |       ||     2
Evoke: Wand              |       |       |       |     1 |    15 ||    16
  Use: Scroll            |     8 |     6 |    14 |     9 |     4 ||    41
       Potion            |       |       |     1 |       |       ||     1
 Stab: Distracted        |       |       |     6 |     4 |     3 ||    13
       Sleeping          |       |       |     2 |     6 |     1 ||     9
  Eat: Chunk             |     5 |    11 |    15 |    23 |    10 ||    64
       Ration            |       |       |     2 |     7 |     2 ||    11
Armor: Robe              |    24 |    26 |    14 |       |       ||    64
       Skin              |       |     9 |     3 |    16 |       ||    28
       Steam dragon scal |       |       |    11 |   222 |   129 ||   362
Dodge: Dodged            |    75 |   147 |   239 |   488 |   295 ||  1244

Table legend:
 A = Non-vault XP
 B = Vault XP
 C = Vault XP percentage of total XP
 D = Non-vault monster count
 E = Vault monster count
 F = Vault count percentage of total count
                 A         B        C        D         E       F
            +---------+---------+-------+---------+---------+-------
      Total |   49108 |   17556 |  26.3 |     377 |     128 |  25.3
            +---------+---------+-------+---------+---------+-------
        D:1 |      24 |       0 |   0.0 |      10 |       0 |   0.0
        D:2 |      91 |       0 |   0.0 |      21 |       0 |   0.0
        D:3 |      98 |       0 |   0.0 |      19 |       0 |   0.0
        D:4 |     161 |     134 |  45.4 |      15 |      14 |  48.3
        D:5 |     468 |      34 |   6.8 |      14 |       1 |   6.7
        D:6 |    1349 |      61 |   4.3 |      20 |       3 |  13.0
        D:7 |    1301 |     376 |  22.4 |      36 |       1 |   2.7
        D:8 |    1750 |     641 |  26.8 |      29 |       1 |   3.3
        D:9 |    1797 |       0 |   0.0 |      17 |       0 |   0.0
       D:10 |    1937 |     450 |  18.9 |      40 |       1 |   2.4
       D:11 |    6249 |       0 |   0.0 |      43 |       0 |   0.0
     Lair:1 |    3222 |       0 |   0.0 |      14 |       0 |   0.0
     Lair:2 |    4956 |    1260 |  20.3 |      23 |       7 |  23.3
     Lair:3 |    2626 |    1225 |  31.8 |      11 |       5 |  31.2
     Lair:4 |    1797 |       0 |   0.0 |       8 |       0 |   0.0
     Lair:5 |    3846 |    4618 |  54.6 |      12 |      36 |  75.0
     Lair:6 |   17436 |    2613 |  13.0 |      45 |       5 |  10.0
      IceCv |       0 |    6144 | 100.0 |       0 |      54 | 100.0
            +---------+---------+-------+---------+---------+-------
